 Dungeon Crawl Stone Soup version 0.31-a0-675-g238779eb0a (webtiles) character file.

Game seed: 6578114306015518512

23 qw the Shooter (level 2, 0/17 HPs)
             Began as a Gargoyle Hunter on Sept 5, 2023.
             Slain by a goblin
             ... wielding a +0 dagger
             ... led by Robin
              (1 damage)
             ... on level 2 of the Dungeon.
             The game lasted 00:00:16 (581 turns).

qw the Shooter (Gargoyle Hunter)                     Turns: 581, Time: 00:00:16

Health: 0/17       AC:  5    Str: 14    XL:     2   Next: 95%
Magic:  2/2        EV: 11    Int:  9    God:
Gold:   44         SH:  0    Dex: 13    Spells: 1/1 levels left

rFire   . . .        Y - +0 shortbow (drain)
rCold   . . .        (shield currently unavailable)
rNeg    + . .        c - +0 leather armour
rPois   inf          (no helmet)
rElec   +            (no cloak)
rCorr   .            (no gloves)
SInv    .            (no boots)
Will    .....        (no amulet)
Stlth   +            (no ring)
HPRegen 0.22/turn    (no ring)
MPRegen 0.08/turn

%: no passive effects
@: no status effects
A: sickness immunity, AC +2, negative energy resistance 1, electricity
resistance, torment resistance 1, petrification resistance
a: no special abilities


You were on level 2 of the Dungeon.
You visited 1 branch of the dungeon, and saw 2 of its levels.

You collected 44 gold pieces.


Innate Abilities, Weirdness & Mutations

You are immune to sickness and miasma.
Your stone body is resilient. (AC +2)
You are immune to poison.
You resist negative energy. (rN+)
You are resistant to electric shocks. (rElec)
You are resistant to unholy torment.
You are immune to petrification.


   Skills:
 - Level 2.1 Fighting
 + Level 4.8 Ranged Weapons
 - Level 1.5 Dodging
 - Level 1.1 Stealth


You had one spell level left.
You didn't know any spells.
Your spell library was empty.

Inventory:

Hand Weapons
 Y - a +0 shortbow of draining (weapon)
Armour
 c - a +0 leather armour (worn)
Jewellery
 a - a +5 ring of evasion
Potions
 g - a potion of degeneration {unknown}
 h - a potion of attraction {unknown}

Dungeon Overview and Level Annotations

Branches:
Dungeon (2/15)

Altars:

Annotations:
D:2 Robin


Message History

You shoot an arrow. The arrow closely misses the goblin.
Robin throws the goblin at you! The goblin hits you with a club.
A goblin comes into view. It is wielding a +0 dagger.
A hobgoblin comes into view.
You shoot an arrow. The goblin shouts!
The arrow hits the goblin!
You kill the goblin!
You hear a shout!
Robin throws the goblin at you! The goblin hits you with a +0 dagger.
A goblin comes into view. It is wielding a +0 dagger.
The goblin hits you with a +0 dagger. The goblin hits you but does no damage.
The goblin moves out of view.
You shoot an arrow. The arrow closely misses the goblin.
A goblin comes into view. It is wielding a +0 club.
The goblin completely misses you. The goblin hits you with a +0 dagger.
Robin roars a battlecry!
The goblins go into a battle-frenzy!
The goblin hits you but does no damage.
The goblin shouts!
You shoot an arrow. The arrow hits the goblin.
You kill the goblin!
You hear a shout!
The goblin barely misses you. The goblin closely misses you.
You shoot an arrow. The arrow closely misses the goblin.
The hobgoblin hits you. The goblin hits you with a +0 dagger.
The goblin misses you.
Robin roars a battlecry!
The goblin goes into a battle-frenzy!
You hear a shout!
You shoot an arrow. The arrow hits the goblin.
You drain the goblin.
The goblin is severely wounded.
The goblin hits you but does no damage. The hobgoblin hits you.
The goblin barely misses you.
You shoot an arrow. The arrow barely misses the goblin.
The goblin hits you with a +0 dagger. x2; The hobgoblin barely misses you.
You shoot an arrow. The arrow barely misses the goblin.
The goblin closely misses you. Robin throws the goblin at you!
The goblin hits you with a +0 dagger.
You die...

... ... .# ##.## .# .
#...# ##.. #.### #...#
###... .g..
#...####.....
#.g######...##.......
#..g#.........(......
#g@g...............
#..g#).............#.
......######...##.....#.
...... #...######.#<
##.## #...# #... # #...#
###. ##.## #./ #.. #..


You could see Robin, a hobgoblin (strong) and 4 goblins.

Vanquished Creatures
  A dart slug (D:1)
  An endoplasm (D:1)
  2 giant cockroaches (D:1)
  4 goblins
  3 hobgoblins (D:1)
  3 ball pythons
  2 bats (D:1)
  A frilled lizard (D:1)
  2 rats (D:1)
19 creatures vanquished.

Notes
Turn   | Place    | Note
-------+----------+-------------------------------------------
     0 | D:1      | qw the Gargoyle Hunter began the quest for the Orb.
     0 | D:1      | Reached XP level 1. HP: 12/12 MP: 1/1
     0 | D:1      | 0 ||| qw: Version: 0.3-a-75-gb5c8c4b
     0 | D:1      | 0 ||| qw: Game counter: 14
     0 | D:1      | 0 ||| qw: Melee chars always use a shield: true
     0 | D:1      | 0 ||| qw: God list: Okawaru
     0 | D:1      | 0 ||| qw: Allow faded altars: false
     0 | D:1      | 0 ||| qw: Do Orc after clearing Dungeon:15 true
     0 | D:1      | 0 ||| qw: Do second Lair branch before Depths: true
     0 | D:1      | 0 ||| qw: Lair rune preference: random
     0 | D:1      | 0 ||| qw: Goals: Normal
     0 | D:1      | 0 ||| PLANNING D:1-11
   143 | D:1      | Reached XP level 2. HP: 17/17 MP: 2/2
   493 | D:1      | Found a faded altar of an unknown god.
   507 | D:1      | 507 ||| READING scroll labelled XIFUEN SOSEEDU.
   518 | D:1      | 518 ||| READING 2 scrolls labelled EWKOZX BUNNA.
   519 | D:1      | 519 ||| READING scroll labelled RACKISH OTZASK.
   520 | D:1      | 520 ||| DROPPING scroll of butterflies.
   521 | D:1      | 521 ||| DROPPING scroll of fear.
   573 | D:2      | Noticed Robin
   580 | D:2      | HP: 1/17 [goblin/+0 dagger[Robin] (4)]
   581 | D:2      | Slain by a goblin

Levels and vault maps discovered:
D:1:      roderic_dead_forest, layout_basic,
          hellmonk_ecumenical_altar_inner_sanctum
D:2:      cheibrodos_old_hovel, layout_loops_cross, uniq_robin

Action                     || total
---------------------------++-------
   Fire: Shortbow          ||    52
    Use: Scroll            ||     3
 Armour: Leather armour    ||    23
  Dodge: Dodged            ||    13

Table legend:
 A = Non-vault XP
 B = Vault XP
 C = Vault XP percentage of total XP
 D = Non-vault monster count
 E = Vault monster count
 F = Vault count percentage of total count
                 A         B        C        D         E       F
            +---------+---------+-------+---------+---------+-------
      Total |      28 |       5 |  15.2 |      16 |       3 |  15.8
            +---------+---------+-------+---------+---------+-------
        D:1 |      28 |       0 |   0.0 |      16 |       0 |   0.0
        D:2 |       0 |       5 | 100.0 |       0 |       3 | 100.0
            +---------+---------+-------+---------+---------+-------
